 Dungeon Crawl Stone Soup version 0.28.0-43-g3370ac3207 (webtiles) character file.

Game seed: 13821643154452895231

6589 tizbic2 the Grappler (level 11, -6/67 HPs)
             Began as a Vine Stalker Transmuter on Mar 4, 2022.
             Was an Initiate of Gozag.
             Mangled by a vampire mosquito (9 damage)
             ... on level 9 of the Dungeon on Mar 5, 2022.
             The game lasted 00:56:49 (8449 turns).

tizbic2 the Grappler (Vine Stalker Transmuter)      Turns: 8449, Time: 00:56:50

Health: -6/67      AC:  9    Str: 20    XL:     11   Next: 2%
Magic:  0/21       EV: 10    Int: 21    God:    Gozag
Gold:   1107       SH:  5    Dex: 14    Spells: 13/23 levels left

rFire   x . .      SeeInvis .     - Unarmed
rCold   + + +      Faith    .   (shield currently unavailable)
rNeg    . . .      Spirit   +   (armour currently unavailable)
rPois   +          Reflect  +   (helmet currently unavailable)
rElec   .          Harm     .   (cloak currently unavailable)
rCorr   .          Rampage  .   (gloves currently unavailable)
Will    ++...                   (boots currently unavailable)
Stlth   ++........              b - amulet of reflection
HPRegen 1.01/turn               t - ring of Beigenul {Will+ Str+4 Int+6 Slay+3}
MPRegen 0.17/turn               w - ring of Makhleb's Reproof {rC+ Slay+2 Stlth+}

@: ice-form, wereblooded, gold aura
A: freezing attack, amphibious, boosted hp, large, (fangs 3), regeneration 1,
magic shield, (antimagic bite), no potion heal 2
a: End Transformation, Renounce Religion, Potion Petition, Call Merchant, Bribe
Branch


You were on level 9 of the Dungeon.
You worshipped Gozag.
Gozag was most pleased with you.
You were a creature of crystalline ice.
You visited 1 branch of the dungeon, and saw 9 of its levels.

You collected 2058 gold pieces.
You spent 898 gold pieces at shops.
You paid 53 gold pieces to Gozag.

Inventory:

Hand Weapons
 G - a +4 falchion (melded)
Missiles
 c - 212 stones (quivered)
 s - 2 curare-tipped darts
 v - 10 poisoned darts
 y - 3 silver javelins
Armour
 a - a +0 helmet (melded)
 e - a +1 cloak (melded)
 j - a +0 pair of boots (melded)
 C - +6 swamp dragon scales (melded)
Jewellery
 b - an amulet of reflection (around neck)
 i - a +6 ring of intelligence
 t - the ring of Beigenul (left front paw) {Will+ Str+4 Int+6 Slay+3}
   (You found it on level 4 of the Dungeon)

   [ring of intelligence]

   Str:       It affects your strength (+4).
   Int:       It affects your intelligence (+6).
   Slay:      It affects your accuracy & damage with ranged weapons and melee
   (+3).
   Will:      It increases your willpower.
 w - the ring of Makhleb's Reproof (right front paw) {rC+ Slay+2 Stlth+}
   (You bought it in a shop on level 4 of the Dungeon)

   [ring of protection from cold]

   Slay:      It affects your accuracy & damage with ranged weapons and melee
   (+2).
   rC:        It protects you from cold.
   Stlth:     It makes you more stealthy.
Wands
 k - a wand of flame (47)
 l - a wand of iceblast (7)
 D - a wand of mindburst (21)
Scrolls
 g - 2 scrolls of fog
 h - 2 scrolls of fear
 n - a scroll of magic mapping
 o - a scroll of silence
 q - 4 scrolls of teleportation
 E - a scroll of immolation
Potions
 d - 2 potions of magic
 f - a potion of resistance {unknown}
 m - a potion of ambrosia {unknown}
 p - a potion of berserk rage {unknown}
 z - a potion of brilliance {unknown}
 A - a potion of might {unknown}
Miscellaneous
 B - a piece from Xom's chessboard (15/15)


   Skills:
 + Level 5.8 Fighting
 + Level 2.9 Dodging
 - Level 0.3 Shields
 * Level 9.4 Unarmed Combat
 + Level 6.6 Spellcasting
 * Level 0.1 Necromancy
 + Level 8.6 Transmutations
 - Level 4.7 Ice Magic
 - Level 2.5 Poison Magic


You had 13 spell levels left.
You knew the following spells:

 Your Spells              Type           Power      Damage    Failure   Level
a - Beastly Appendage     Tmut           86%        N/A       1%          1
b - Spider Form           Tmut/Pois      30%        N/A       2%          3
c - Ice Form              Ice/Tmut       35%        N/A       6%          4
d - Wereblood             Tmut           43%        N/A       1%          2

Your spell library contained the following spells:

 Spells                   Type           Power      Damage    Failure   Level
 Animate Dead             Necr           3%         N/A       65%         4
 Borgnjor's Vile Clutch   Necr/Erth      3%         N/A       94%         5
 Death Channel            Necr           3%         N/A       100%        6


Dungeon Overview and Level Annotations

Branches:
Dungeon (9/15)             Temple (0/1) D:5
   Lair: D:8-11         Orc: D:9-12

Altars:
Ashenzari
Cheibriados
Dithmenos
Fedhas
Gozag
Hepliaklqana
Makhleb
Qazlal
Trog
Uskayaw
Xom
Yredelemnul
The Shining One

Shops:
D:1 ?   D:4 =


Innate Abilities, Weirdness & Mutations

You are a creature of crystalline ice.
You have a powerful freezing melee attack.
You are amphibious.
Your maximum health is increased.
Your armour is entirely melded.
You are incapable of wielding weapons or throwing items.
((You have razor-sharp teeth.))
Your natural rate of healing is unusually fast.
When hurt, damage is shared between your health and your magic reserves.
((Your bite disrupts and absorbs the magic of your enemies.))
Potions cannot restore your health.


Message History

The troll bites you but does no damage. The troll barely misses you.
The troll claws you.
A hound comes into view.
You completely miss the troll.
The troll is heavily wounded.
The troll bites you!
* * * LOW HITPOINT WARNING * * *
The troll claws you.
* * * LOW HITPOINT WARNING * * *
The troll claws you but does no damage. The troll completely misses you.
You block the troll's attack. The troll claws you.
* * * LOW HITPOINT WARNING * * *
The wolf bites you!
* * * LOW HITPOINT WARNING * * *
You closely miss the wolf.
The wolf is distracted by your dazzling golden aura.
The troll barely misses you. The troll closely misses you.
The troll claws you but does no damage.
The wolf howls!
You punch the vampire mosquito! You freeze the vampire mosquito.
The vampire mosquito is moderately damaged.
The vampire mosquito bites you but does no damage.
The troll bites you but does no damage. The troll claws you!
* * * LOW HITPOINT WARNING * * *
You block the troll's attack.
You closely miss the vampire mosquito.
The vampire mosquito is moderately damaged.
The vampire mosquito bites you but does no damage.
The vampire mosquito bites you.
* * * LOW HITPOINT WARNING * * *
The vampire mosquito draws strength from your injuries!
A hound comes into view.
You completely miss the wolf.
The wolf is no longer distracted by gold.
The vampire mosquito barely misses you. The wolf barely misses you.
The troll bites you but does no damage. The troll barely misses you.
You block the troll's attack. The vampire mosquito bites you!
You die...
Your body crumbles into a pile of gold.

..≈...≈...#
≈≈..≈.....#
≈≈.≈≈.....#
≈.≈≈≈≈....#
.≈≈≈≈≈≈...#
.≈≈≈≈≈≈...#
.......y.#######
≈h≈≈≈h$hY......#
≈≈≈≈...T..####.#
≈≈≈≈≈≈S...# #.#
≈≈≈≈≈≈....# #.#
..≈≈$?...## #.#
## ....≈....#
#.# #.
..|......# #.#
#. ..##.#.###
#.# #. #.# #.


You could see a troll, a vampire mosquito, a wolf, 2 hounds and an electric eel.

Vanquished Creatures
  A two-headed ogre (D:8)
  Maggie (D:7)
  A yak (D:9)
  3 wyverns
  A steam dragon (D:8)
  3 water moccasins
  An acid dragon (D:5)
  2 orc warriors
  An ice beast (D:7)
  3 black bears
  6 necrophages
  2 ogres
  2 centaurs
  2 phantoms (D:4)
  4 bullfrogs
  A gnoll sergeant (D:9)
  A kobold brigand (D:8)
  2 scorpions (D:5)
  A wyvern zombie (D:6)
  A wyvern skeleton (D:7)
  15 wights
  8 killer bees
  An electric eel (D:9)
  2 centaur zombies
  3 bullfrog zombies
  An iron imp (D:7)
  2 jellies
  2 orc priests
  3 centaur skeletons
  2 gnoll shamans
  3 hounds
  An iguana (D:5)
  7 orc wizards
  A killer bee zombie (D:8)
  A hound skeleton (D:5)
  2 howler monkey zombies
  Robin (D:4)
  6 adders
  16 gnolls
  A white imp (D:5)
  An ufetubus (D:5)
  An adder skeleton (D:4)
  A worm (D:2)
  3 dart slugs
  29 orcs
  6 bats
  5 endoplasms
  2 giant cockroaches
  13 goblins
  6 hobgoblins
  6 jackals (D:2)
  7 quokkas
  18 ball pythons
  A frilled lizard (D:1)
  10 kobolds
  4 rats
  5 bushes
235 creatures vanquished.

Vanquished Creatures (collateral kills)
  A yak (D:9)
  An acid dragon (D:9)
2 creatures vanquished.

Vanquished Creatures (others)
  A gnoll shaman (D:8)
  A white imp (D:8)
  A bush (D:5)
  30 plants
33 creatures vanquished.

Grand Total: 270 creatures vanquished

Notes
Turn   | Place    | Note
-------+----------+-------------------------------------------
     0 | D:1      | tizbic2 the Vine Stalker Transmuter began the quest for the
                  | Orb.
     0 | D:1      | Reached XP level 1. HP: 9/9 MP: 4/4
   130 | D:1      | Found Faphal's Magic Scroll Shop.
   154 | D:1      | Reached skill level 1 in Fighting
   397 | D:1      | Reached XP level 2. HP: 12/14 MP: 3/6
   905 | D:2      | Reached XP level 3. HP: 16/18 MP: 4/7
  1498 | D:2      | Gained mutation: Your natural rate of healing is unusually
                  | fast. [Vine Stalker growth]
  1498 | D:2      | Reached XP level 4. HP: 22/22 MP: 6/8
  2035 | D:2      | Learned a level 3 spell: Spider Form
  2412 | D:3      | Reached skill level 4 in Unarmed Combat
  2412 | D:3      | Reached XP level 5. HP: 26/26 MP: 10/10
  2423 | D:3      | Found a broken altar of Ashenzari.
  2621 | D:3      | Reached skill level 1 in Poison Magic
  2671 | D:3      | Found an opulent altar of Gozag.
  2681 | D:3      | Became a worshipper of Gozag Ym Sagoz the Greedy
  2763 | D:3      | Found a faded altar of an unknown god.
  2775 | D:3      | Reached XP level 6. HP: 30/30 MP: 9/11
  2912 | D:3      | Noticed a shadow
  2913 | D:3      | Found a shadowy altar of Dithmenos.
  2914 | D:3      | Found a hazy altar of Hepliaklqana.
  3112 | D:4      | Found Ypsux's Jewellery Shop.
  3165 | D:4      | Noticed a black bear
  3178 | D:4      | Killed a black bear
  3196 | D:4      | Noticed a black bear
  3269 | D:4      | Noticed Robin
  3291 | D:4      | Killed Robin
  3384 | D:4      | Found a bloodstained altar of Trog.
  3400 | D:4      | Reached XP level 7. HP: 27/35 MP: 9/13
  3451 | D:4      | Reached skill level 5 in Unarmed Combat
  3476 | D:4      | Identified the ring of Beigenul {Will+ Str+4 Int+6 Slay+3}
  3506 | D:4      | Found a hide-covered altar of Uskayaw.
  3592 | D:5      | Entered Level 5 of the Dungeon
  3611 | D:5      | Found a burning altar of Makhleb.
  3639 | D:5      | Noticed a wyvern
  3652 | D:5      | Killed a wyvern
  3804 | D:4      | Reached skill level 5 in Transmutations
  3804 | D:4      | Gained mutation: You have razor-sharp teeth. [Vine Stalker
                  | growth]
  3804 | D:4      | Reached XP level 8. HP: 40/40 MP: 11/15
  3909 | D:5      | Reached skill level 6 in Unarmed Combat
  3909 | D:5      | Reached skill level 1 in Ice Magic
  3982 | D:5      | Found a blossoming altar of Fedhas.
  4150 | D:5      | Reached XP level 9. HP: 45/45 MP: 12/17
  4180 | D:5      | Learned a level 4 spell: Ice Form
  4312 | D:4      | Bought the ring of Makhleb's Reproof {rC+ Slay+2 Stlth+}
                  | for 604 gold pieces
  4360 | D:5      | Reached skill level 7 in Unarmed Combat
  4385 | D:5      | Found a staircase to the Ecumenical Temple.
  4508 | D:5      | Found a shimmering altar of Xom.
  4541 | D:5      | Reached skill level 5 in Spellcasting
  5481 | D:6      | Found a stormy altar of Qazlal.
  5645 | D:7      | Noticed Maggie
  5682 | D:7      | Killed Maggie
  5892 | D:7      | Found a basalt altar of Yredelemnul.
  5940 | D:7      | Reached skill level 8 in Unarmed Combat
  5946 | D:7      | Reached XP level 10. HP: 51/51 MP: 13/19
  6005 | D:7      | Found a glowing golden altar of the Shining One.
  6044 | D:7      | Found a snail-covered altar of Cheibriados.
  6094 | D:7      | Learned a level 2 spell: Wereblood
  6276 | D:7      | Reached skill level 5 in Fighting
  6723 | D:8      | Noticed a two-headed ogre
  6798 | D:8      | Killed a two-headed ogre
  7278 | D:8      | Reached skill level 9 in Unarmed Combat
  7736 | D:9      | Reached XP level 11. HP: 56/56 MP: 14/21
  8063 | D:1      | Bought a scroll of identify for 28 gold pieces
  8063 | D:1      | Bought a scroll of identify for 28 gold pieces
  8063 | D:1      | Bought a scroll of identify for 28 gold pieces
  8063 | D:1      | Bought a scroll of enchant armour for 105 gold pieces
  8063 | D:1      | Bought a scroll of enchant armour for 105 gold pieces
  8102 | D:3      | You fall into a shaft and drop 3 floors!
  8448 | D:9      | HP: 2/67 [vampire mosquito (2)]
  8449 | D:9      | Mangled by a vampire mosquito

Illustrated notes

Levels and vault maps discovered:
D:1:      dpeg_arrival_castle, layout_rooms, serial_shops, shop,
          hangedman_decor_opposing, minmay_pentomino_o2
D:2:      layout_loops_corners
D:3:      layout_basic, riverfiend_overflow_shadow_ancestor,
          nicolae_gozag_seed_capital, mainiacjoe_overflow_cross_hatched,
          nicolae_ecumenical_snake_handling, serial_bayou_crossing
D:4:      layout_rooms, nicolae_uskayaw_suspiria, trog_ov_bears_minmay,
          serial_shops, shop, uniq_robin
D:5:      layout_loops_cross, lemuel_round_altar, fedhas_altar_decomposition,
          lemuel_doored_altar, minmay_temple_entry_trees, serial_glass,
          glass_columns_c, glass_columns_a, grunt_ministairs_1
D:6:      layout_loops_ring, mainiacjoe_overflow_alcove_2, chequers_mini_garden,
          hellmonk_bongcloud_opening
D:7:      layout_basic, slow_altar_2, mainiacjoe_overflow_surrounded_room,
          kennysheep_mini, uniq_maggie
D:8:      minmay_polygon_palace, layout_cave_pods, enter_bailey_5
D:9:      layout_loops_ring, erik_lair_island, grunt_ministairs_7, minmay_holes

Skill      XL: |  1  2  3  4  5  6  7  8  9 10 |
---------------+-------------------------------+-----
Fighting       | 1 2 3 4 5 |  5.8
Unarmed Combat | 4 5 6 8 9 |  9.4
Transmutations | 3 4 5 6 7 8 |  8.6
Poison Magic   | 1 2 |  2.5
Spellcasting   | 3 4 5 6 |  6.6
Ice Magic      | 2 3 4 |  4.7
Dodging        | 2 |  2.9
Shields        | |  0.3
Necromancy     | |  0.1

Action                   |  1- 3 |  4- 6 |  7- 9 | 10-12 || total
-------------------------+-------+-------+-------+-------++-------
Melee: Unarmed           |    60 |    19 |   106 |    94 ||   279
       Bite              |    11 |    36 |    36 |    13 ||    96
       Headbutt          |     7 |    19 |    13 |     5 ||    44
       Kick              |    14 |    29 |    19 |     4 ||    66
       Short sword       |    20 |   106 |       |       ||   126
       Punch             |       |     4 |     1 |     2 ||     7
       Hand axe          |       |    50 |    88 |       ||   138
       Flail             |       |       |       |    27 ||    27
       Falchion          |       |       |       |    14 ||    14
       Staff             |       |       |       |     3 ||     3
Throw: Stone             |    39 |    32 |     2 |       ||    73
 Cast: Beastly Appendage |    22 |    27 |    14 |     4 ||    67
       Spider Form       |       |     5 |    15 |     6 ||    26
       Ice Form          |       |       |     3 |     8 ||    11
       Wereblood         |       |       |       |     8 ||     8
  Use: Scroll            |       |     1 |     6 |    16 ||    23
 Stab: Sleeping          |       |       |     1 |     1 ||     2
Armor: Ring mail         |    24 |    77 |    16 |       ||   117
       Robe              |     1 |       |       |       ||     1
       Skin              |       |     2 |    12 |    30 ||    44
       Swamp dragon scal |       |       |     1 |    18 ||    19
Dodge: Dodged            |    37 |   101 |    75 |    80 ||   293
Block: Other             |    13 |    63 |    28 |    28 ||   132
       Reflection        |       |     1 |     3 |     2 ||     6
       Buckler           |       |       |     2 |       ||     2
